 Dungeon Crawl Stone Soup version 0.30-b1-2-g02819fbbbe (webtiles) character file.

Game seed: 12215384481683919221

46 Alarkh the Shooter (level 3, 0/27 HPs)
             Began as a Demonspawn Hexslinger on July 9, 2023.
             Slain by a hound (5 damage)
             ... on level 6 of the Dungeon.
             The game lasted 00:01:47 (1858 turns).

Alarkh the Shooter (Demonspawn Hexslinger)          Turns: 1858, Time: 00:01:48

Health: 0/27       AC:  3    Str: 10    XL:     3   Next: 44%
Magic:  4/4        EV: 12    Int: 16    God:
Gold:   67         SH:  0    Dex: 13    Spells: 3/4 levels left

rFire   . . .        a - +1 sling
rCold   . . .        (no shield)
rNeg    . . .        c - +0 robe
rPois   .            l - +0 helmet
rElec   .            (no cloak)
rCorr   .            (no gloves)
SInv    .            (no boots)
Will    .....        (no amulet)
Stlth   +            (no ring)
HPRegen 0.24/turn    (no ring)
MPRegen 0.09/turn

%: no passive effects
@: no status effects
A: powered by pain 2
a: no special abilities


You were on level 6 of the Dungeon.
You visited 1 branch of the dungeon, and saw 4 of its levels.

You collected 67 gold pieces.

Inventory:

Hand Weapons
 a - a +1 sling (weapon)
 e - a +1 dagger of speed
Armour
 c - a +0 robe (worn)
 l - a +0 helmet (worn)
 n - a +0 helmet of intelligence
 o - a +2 cloak
Magical Staves
 m - a staff of death
Jewellery
 p - a ring of protection from cold
Scrolls
 b - a scroll of poison
 d - a scroll of fog
 h - 3 scrolls of identify
 i - a scroll of noise
Potions
 f - 2 potions of mutation
 g - a potion of curing
 k - a potion of invisibility


   Skills:
 + Level 2.0 Fighting
 * Level 3.1 Ranged Weapons
 - Level 1.7 Dodging
 - Level 1.0 Spellcasting
 - Level 3.0 Hexes


You had 3 spell levels left.
You knew the following spells:

 Your Spells              Type           Power      Damage    Failure   Level
a - Slow                  Hex            40%        N/A       7%          1

Your spell library contained the following spells:

 Spells                   Type           Power      Damage    Failure   Level
 Poisonous Vapours        Pois/Air       0%         N/A       34%         2
 Inner Flame              Hex/Fire       5%         N/A       36%         3
 Portal Projectile        Hex/Tloc       10%        N/A       36%         3
 Mephitic Cloud           Conj/Pois/Air  0%         N/A       56%         3
 Cause Fear               Hex            5%         N/A       54%         4
 Freezing Cloud           Conj/Ice/Air   0%         6-21      99%         5


Dungeon Overview and Level Annotations

Branches:
Dungeon (6/15)
 Temple: D:4-7

Altars:

Annotations:
D:2 1 runed translucent door, Crazy Yiuf


Innate Abilities, Weirdness & Mutations

You sometimes gain power by taking damage.


Message History

A howler monkey comes into view.
Found a falchion.
The howler monkey howls!
You shoot a sling bullet.
The sling bullet hits the howler monkey.
The howler monkey is moderately wounded.
You shoot a sling bullet.
The sling bullet closely misses the howler monkey.
The howler monkey hits you.
You shoot a sling bullet.
The sling bullet closely misses the howler monkey.
The howler monkey hits you. x2
You shoot a sling bullet.
The sling bullet hits the howler monkey.
The howler monkey is moderately wounded.
The howler monkey closely misses you.
The howler monkey hoots and howls with incredible vigour!
You hear a bark!
You hear an angry hiss.
You shoot a sling bullet.
The sling bullet barely misses the howler monkey.
The howler monkey closely misses you.
You shoot a sling bullet.
The sling bullet closely misses the howler monkey.
A hound comes into view.
The howler monkey hits you.
The howler monkey hoots and howls with incredible vigour!
You shoot a sling bullet.
The sling bullet closely misses the howler monkey.
The howler monkey misses you.
You shoot a sling bullet.
The sling bullet barely misses the howler monkey.
The howler monkey hits you. The howler monkey hits you!
* * * LOW HITPOINT WARNING * * *
You shoot a sling bullet.
The sling bullet hits the howler monkey.
The howler monkey is severely wounded.
The howler monkey hits you.
* * * LOW HITPOINT WARNING * * *
The hound bites you.
You die...

############
#...........
#...........
#...........
#...........
#..h........
#...@.......
#...h.......
#...........
#...........
#...........
#.......)...
##....######
+....#


You could see a howler monkey and a hound.

Vanquished Creatures
  2 dart slugs
  5 ball pythons
  4 bats
  4 endoplasms
  A giant cockroach (D:2)
  2 hobgoblins
  2 quokkas
  6 frilled lizards
  3 goblins
  8 kobolds
  3 rats
40 creatures vanquished.

Notes
Turn   | Place    | Note
-------+----------+-------------------------------------------
     0 | D:1      | Alarkh the Demonspawn Hexslinger began the quest for the
                  | Orb.
     0 | D:1      | Reached XP level 1. HP: 15/15 MP: 2/2
   150 | D:1      | Gained mutation: You sometimes gain a little power by
                  | taking damage. [demonic ancestry]
   150 | D:1      | Reached XP level 2. HP: 21/21 MP: 3/3
   959 | D:2      | Found a runed translucent door.
   960 | D:2      | Noticed Crazy Yiuf
  1004 | D:2      | Gained mutation: You sometimes gain power by taking damage.
                  | [demonic ancestry]
  1004 | D:2      | Reached XP level 3. HP: 27/27 MP: 4/4
  1331 | D:2      | Found a faded altar of an unknown god.
  1841 | D:3      | You fall into a shaft and drop 3 floors!
  1843 | D:6      | Noticed an orc warrior
  1858 | D:6      | Slain by a hound

Illustrated notes

Levels and vault maps discovered:
D:1:      dpeg_arrival_rhombi, layout_loops_cross, minmay_lizard_pond
D:2:      layout_basic, hellmonk_ecumenical_altar_inner_sanctum, st_stairs_4,
          minmay_randomly_rotated_circles, uniq_crazy_yiuf_cottage
D:3:      layout_loops_corners, cheibrodos_sewer_entry_drain
D:6:      lemuel_ratsnest, layout_basic, minmay_temple_entry_junction,
          serial_shops, nicolae_shop_trees, minivault_4, serial_park_tiny_1,
          uniq_prince_ribbit1, uniq_pikel, uniq_menkaure

Skill      XL: |  1  2  3 |
---------------+----------+-----
Ranged Weapons | 2 3 |  3.1
Fighting       | 2 |  2.0
Dodging        | |  1.7
Spellcasting   | |  1.0
Hexes          | |  3.0

Action                     || total
---------------------------++-------
   Fire: Sling             ||   114
    Use: Scroll            ||     7
 Armour: Robe              ||     6
  Dodge: Dodged            ||    35
